 Dungeon Crawl Stone Soup version 0.22-a0-430-g6609fc6 (webtiles) character file.

203 inmateoo the Skirmisher (level 5, -1/51 HPs)
             Began as a Minotaur Air Elementalist on May 26, 2018.
             Slain by an orc
             ... wielding a +0 flail
              (3 damage)
             ... on level 3 of the Dungeon.
             The game lasted 00:04:17 (3294 turns).

inmateoo the Skirmisher (Minotaur Air Elementalist) Turns: 3294, Time: 00:04:18

Health: -1/51      AC:  9    Str: 13    XL:     5   Next: 51%
Magic:  15/15      EV:  5    Int: 12    God:
Gold:   116        SH:  4    Dex: 17    Spells: 5/6 levels left

rFire    . . .     SeeInvis .   (no weapon)
rCold    . . .     Gourm    +   m - +0 buckler
rNeg     . . .     Faith    .   k - +0 chain mail
rPois    .         Spirit   .   (helmet restricted)
rElec    .         Reflect  .   f - +0 cloak
rCorr    .         Harm     .   (no gloves)
MR       .....                  (no boots)
Stlth    ..........             g - amulet of the gourmand
HPRegen  0.17/turn              a - +4 ring of dexterity
MPRegen  0.14/turn              j - ring of magical power

@: no status effects
A: retaliatory headbutt, horns 2, talons 1, agile 1
a: no special abilities


You were on level 3 of the Dungeon.
You were not hungry.

You visited 1 branch of the dungeon, and saw 3 of its levels.

You collected 116 gold pieces.

Inventory:

Armour
 f - a +0 cloak (worn)
 k - a +0 chain mail (worn)
 m - a +0 buckler (worn)
Jewellery
 a - a +4 ring of dexterity (left hand)
 g - an amulet of the gourmand (around neck)
 j - a ring of magical power (right hand)
Scrolls
 d - a scroll of amnesia
 h - 3 scrolls of teleportation
 l - a scroll of enchant weapon
Potions
 b - a potion of might
Comestibles
 c - 7 rations


   Skills:
 * Level 6.5 Fighting
 - Level 2.1 Dodging
 - Level 1.5 Stealth
 - Level 1.3 Spellcasting
 - Level 0.6 Conjurations
 - Level 2.1 Air Magic


You had 5 spell levels left.
You knew the following spells:

 Your Spells              Type           Power        Failure   Level  Hunger
a - Shock                 Conj/Air       #...         100%        1    ##.....

Your spell library contained the following spells:

 Spells                   Type           Power        Failure   Level  Hunger
 Lightning Bolt           Conj/Air       #.........   100%        5    ######.
 Swiftness                Chrm/Air       #.......     100%        2    ###....
 Airstrike                Air            #.........   100%        4    #####..
 Static Discharge         Conj/Air       #.......     100%        3    ####...


Dungeon Overview and Level Annotations

Branches:
Dungeon (3/15)

Altars:
Fedhas
Okawaru


Innate Abilities, Weirdness & Mutations

You reflexively headbutt those who attack you in melee.
You have a pair of horns on your head.
You have sharp toenails.
You are agile. (Dex +2)


Message History

You claw the orc priest.
The orc priest is heavily wounded.
The rat bites you but does no damage. The orc hits you with a flail.
You block the orc priest's attack.
Unknown command.
You barely miss the orc priest. Your kick misses the orc priest.
You headbutt the orc priest.
The orc priest is heavily wounded.
The rat bites you but does no damage. The orc hits you but does no damage.
The orc priest mumbles some strange prayers to Beogh against you.
Beogh smites you!
* * * LOW HITPOINT WARNING * * *
You hit the orc priest but do no damage.
You claw the orc priest, but do no damage.
The orc priest is heavily wounded.
You block the rat's attack. The orc priest completely misses you.
You furiously retaliate!
You headbutt the orc priest, but do no damage.
The orc hits you with a flail.
You die...

##...## ..
###..## .#
##..# #.#
##.# ..#
#(## ..#
#..##
###..#
##..#
##....#
##o###
##lo##..#
#(@o#
#oo## r#
###r#
##.## # .S
#l###..#
... ##
#...#.#..#
###.....##
###..##
..## ###


You could see an orc priest, an orc, a leopard gecko and a rat.

Vanquished Creatures
  An orc priest (D:3)
  6 adders
  3 worms
  4 dart slugs
  2 leopard geckos (D:1)
  14 orcs (D:3)
  16 giant cockroaches
  5 goblins (D:1)
  5 hobgoblins
  5 jackals (D:1)
  4 kobolds
  A quokka (D:3)
  7 bats
  4 frilled lizards
  4 rats
81 creatures vanquished.

Notes
Turn   | Place    | Note
-------+----------+-------------------------------------------
     0 | D:1      | inmateoo the Minotaur Air Elementalist began the quest for the Orb.
     0 | D:1      | Reached XP level 1. HP: 14/14 MP: 1/1
    66 | D:1      | Reached skill level 1 in Fighting
   312 | D:1      | Reached skill level 2 in Fighting
   312 | D:1      | Reached XP level 2. HP: 16/24 MP: 3/3
   636 | D:1      | Reached skill level 3 in Fighting
   710 | D:1      | Reached XP level 3. HP: 23/31 MP: 4/4
  1388 | D:2      | Reached skill level 4 in Fighting
  1811 | D:2      | Reached XP level 4. HP: 41/41 MP: 5/5
  2036 | D:2      | Found a blossoming altar of Fedhas.
  2146 | D:2      | Reached skill level 5 in Fighting
  2724 | D:3      | Reached XP level 5. HP: 38/50 MP: 6/6
  2752 | D:3      | Reached skill level 6 in Fighting
  3086 | D:3      | Found an iron altar of Okawaru.
  3284 | D:3      | Gained mutation: You have sharp toenails. [potion of mutation]
  3284 | D:3      | Gained mutation: You are agile. (Dex +2) [potion of mutation]
  3293 | D:3      | HP: 2/51 [orc priest/divine providence (15)]
  3294 | D:3      | Slain by an orc

Vault maps used:
D:1:      lemuel_arrival_funnel
D:2:      minmay_roachtagon, fedhas_altar_4
D:3:      marbit_many_paths, uniq_natasha

Skill      XL: |  1  2  3  4  5 |
---------------+----------------+-----
Fighting       | 2 3 4 5 6 |  6.5
Dodging        | |  2.1
Stealth        | |  1.5
Spellcasting   | |  1.3
Conjurations   | |  0.6
Air Magic      | |  2.1

Action                   |  1- 3 |  4- 6 || total
-------------------------+-------+-------++-------
Melee: Unarmed           |   173 |   228 ||   401
       Headbutt          |    22 |    52 ||    74
       Kick              |       |     4 ||     4
  Use: Scroll            |     2 |     4 ||     6
       Potion            |       |     3 ||     3
 Stab: Sleeping          |     1 |       ||     1
  Eat: Chunk             |     2 |    11 ||    13
Armor: Robe              |    18 |       ||    18
       Ring mail         |    34 |    15 ||    49
       Chain mail        |       |   118 ||   118
Dodge: Dodged            |   127 |    78 ||   205
Block: Buckler           |       |     7 ||     7

Table legend:
 A = Spawn XP
 B = Non-spawn XP
 C = Spawn XP percentage of total XP
 D = Spawn monster count
 E = Non-spawn monster count
 F = Spawn count percentage of total count
 G = Total turns spent on level
                    A         B        C        D         E        F      G
               +---------+---------+-------+---------+---------+-------+---------
         Total |       0 |     290 |   0.0 |       0 |      81 |   0.0 |  3294
               +---------+---------+-------+---------+---------+-------+---------
           D:1 |       0 |      55 |   0.0 |       0 |      26 |   0.0 |  1576
           D:2 |       0 |      90 |   0.0 |       0 |      26 |   0.0 |   880
           D:3 |       0 |     145 |   0.0 |       0 |      29 |   0.0 |   838
               +---------+---------+-------+---------+---------+-------+---------
